Map: Waterfall

Players

kelay

  • Race: Protoss Protoss
  • League: Gold
  • Spawn Location: 1:00

MattBarry - Winner!

  • Race: Protoss Protoss
  • League: Silver
  • Spawn Location: 7:00

VOD

Have the link to the VOD?

Description

Time

  • Played on: Jan. 20, 2023, 2:37 a.m.
  • Length: 3:09
Show
View Real Time Build Order
Export as new Build Order

kelay Protoss 

Build Orders:  

Get SALT Encoding   

  12  0:00  Probe  
  13  0:12  Probe  
  14  0:18  Pylon  
  14  0:24  Probe  
  15  0:37  Gateway  
  15  0:39  Probe  
  16  0:48  Assimilator  
  16  0:51  Probe  
  17  1:02  Gateway  
  17  1:09  Probe  
  18  1:18  Gateway  
  18  2:13  Zealot x2  
Show
View Real Time Build Order
Export as new Build Order

MattBarry Protoss - Winner!

Build Orders: Cannon Rush 

Get SALT Encoding   

  12  0:00  Probe (Chrono Boost)  
  13  0:14  Pylon  
  13  0:17  Probe  
  14  0:29  Probe  
  15  0:37  Forge  
  15  0:42  Probe  
  16  0:51  Pylon  
  16  1:09  Pylon  
  16  1:26  Photon Cannon  
  16  1:44  Photon Cannon  
  16  1:47  Pylon  
  16  1:52  Photon Cannon  
  16  1:54  Pylon  
  16  2:11  Photon Cannon  
  16  2:12  Photon Cannon  
  16  2:21  Photon Cannon  
  16  2:34  Photon Cannon  
  16  2:47  Pylon  
  16  2:53  Photon Cannon  
  16  3:04  Photon Cannon  
Tags
 
Matchup
PvP
Replay Pack
Multiplayer
Spawn Locations
Cross Positions
Add a new tag
Caveats
  • Supply blocks, unpowered buildings, or Contaminate may cause inaccurate times.
  • Supply counts are checked every 10 seconds.